 Dungeon Crawl Stone Soup version 0.30.0-15-g856e2d3f33 (webtiles) character file.

Game seed: 14528862843764970536

18 MysteronAgent the Sneak (level 2, -5/25 HPs)
             Began as a Hill Orc Brigand on May 18, 2023.
             Slain by a mummy (10 damage)
             ... in an ossuary.
             The game lasted 00:02:20 (422 turns).

MysteronAgent the Sneak (Hill Orc Brigand)           Turns: 422, Time: 00:02:21

Health: -5/25      AC:  3    Str: 13    XL:     2   Next: 70%
Magic:  2/2        EV: 11    Int: 11    God:
Gold:   39         SH:  0    Dex: 12    Spells: 1/1 levels left

rFire   . . .        a - +2 dagger
rCold   . . .        (no shield)
rNeg    . . .        b - +0 robe
rPois   .            (no helmet)
rElec   .            c - +0 cloak
rCorr   .            (no gloves)
SInv    .            (no boots)
Will    .....        (no amulet)
Stlth   ++           (no ring)
HPRegen 0.24/turn    (no ring)
MPRegen 0.08/turn

%: no passive effects
@: no status effects
A: no striking features
a: no special abilities


You were in an ossuary.
You visited 1 branch of the dungeon, and saw 4 of its levels.
You also visited: Ossuary.

You collected 39 gold pieces.

Inventory:

Hand Weapons
 a - a +2 dagger (weapon)
Missiles
 e - 3 curare-tipped darts (quivered)
Armour
 b - a +0 robe (worn)
 c - a +0 cloak (worn)
Scrolls
 d - a scroll of noise
 f - a scroll of identify


   Skills:
 * Level 2.4 Fighting
 * Level 2.1 Short Blades
 * Level 1.8 Throwing
 * Level 0.5 Armour
 * Level 0.8 Dodging
 * Level 3.7 Stealth
 * Level 0.1 Spellcasting


You had one spell level left.
You didn't know any spells.
Your spell library contained the following spells:

 Spells                   Type           Power      Damage    Failure   Level
 Leda's Liquefaction      Hex/Erth       0%         N/A       98%         4
 Lee's Rapid Deconstruct  Erth           0%         3d4*      100%        5
 Statue Form              Tmut/Erth      0%         N/A       100%        6


Dungeon Overview and Level Annotations

Branches:
Dungeon (4/15)            Ossuary (1/1)
 Temple: D:4-7

Altars:


Message History

You hit the orc zombie.
You destroy the orc zombie!
You start waiting.
An orc zombie is nearby! 2 mummies and an orc zombie come into view. 2 mummies and an orc zombie come into view.
You aren't carrying any potions.
Unknown command.
You aren't carrying any items that you can evoke.
You aren't carrying any potions.
Okay, then.
As you read the scroll labelled OMENNA KITWYFO, it crumbles to dust.
It is a scroll of identify.
d - a scroll of noise You hit the orc zombie but do no damage.
The orc zombie hits you but does no damage.
You hit the orc zombie.
The orc zombie is heavily damaged.
You hit the orc zombie.
The orc zombie is severely damaged.
The orc zombie closely misses you.
You hit the orc zombie.
You destroy the orc zombie!
The mummy closely misses you.
You hit the mummy but do no damage. You barely miss the mummy.
The mummy hits you. The mummy hits you!
Ouch! That really hurt!
* * * LOW HITPOINT WARNING * * *
You hit the mummy.
The mummy is moderately damaged.
You hit the mummy.
The mummy is heavily damaged.
The mummy misses you. The mummy hits you.
* * * LOW HITPOINT WARNING * * *
You aren't carrying any potions.
Unknown command.
You hit the mummy.
The mummy is heavily damaged.
The mummy hits you!
You die...

........#
......#
#....#
#....#
#....#
#....#
#....#
#.MZ.#
#.M@.#
#....#
#.∩∩.#
######


You could see 2 mummies and a kobold zombie.

Vanquished Creatures
  A dart slug (D:1)
  3 endoplasms (D:1)
  A goblin (D:2)
  A hobgoblin (D:2)
  3 ball pythons
  A bat (D:2)
  2 frilled lizards
  2 hobgoblin zombies (Ossuary)
  2 orc zombies (Ossuary)
  2 rats (D:1)
18 creatures vanquished.

Notes
Turn   | Place    | Note
-------+----------+-------------------------------------------
     0 | D:1      | MysteronAgent the Hill Orc Brigand began the quest for the
                  | Orb.
     0 | D:1      | Reached XP level 1. HP: 18/18 MP: 1/1
   142 | D:1      | Reached XP level 2. HP: 25/25 MP: 2/2
   338 | D:4      | Found a sand-covered staircase.
   348 | Ossuary  | Entered an ossuary
   422 | Ossuary  | Slain by a mummy

Illustrated notes

Levels and vault maps discovered:
D:1:      amcnicky_arrival_gap_in_the_tavern_cellar, layout_loops_corners
D:2:      layout_loops_cross
D:3:      layout_rooms, serial_shops, shop
D:4:      layout_gridville, grunt_temple_overflow_open, serial_shops, shop,
          nicolae_ossuary_entry_monument, uniq_crazy_yiuf_cottage
Ossuary:  ossuary_tomb_3

Action                     || total
---------------------------++-------
  Melee: Dagger            ||    51
         Punch             ||     2
    Use: Scroll            ||     1
   Stab: Sleeping          ||     8
 Armour: Robe              ||    16
  Dodge: Dodged            ||    21
